| TOP OF THE 1ST |
|
Montgomery Rebels batting - Pitching for Knoxville Blue Jays : RHP Randy Bockus
|
|
Pitching: RHP Randy Bockus
|
|
|
Batting: LHB Chris Stropolo
|
0-0: Ground out 4-3 (Groundball, 4, EV 76.3 MPH)
|
|
Batting: SHB Mike Thorpe
|
0-0: Fly out, F9 (Line Drive, 9, EV 106.3 MPH)
|
|
Batting: LHB Greg Brock
|
0-0: Called Strike 0-1: Foul Ball, location: 2F 0-2: Ball 1-2: Ball 2-2: Ball 3-2: Base on Balls
|
|
Batting: LHB Dwayne Murphy
|
0-0: Ball 1-0: Fly out, F2 (Popup, 25F, EV 84.4 MPH)
|
| Top of the 1st over - 0 runs, 0 hits, 0 errors, 1 left on base; Montgomery 0 - Knoxville 0 |
| BOTTOM OF THE 1ST |
|
Knoxville Blue Jays batting - Pitching for Montgomery Rebels : RHP William Bellomo
|
|
Pitching: RHP William Bellomo
|
|
|
Batting: RHB Alex Taveras
|
0-0: Called Strike 0-1: Ball 1-1: Ball 2-1: Ground out U3 (Groundball, 34S, EV 66.9 MPH)
|
|
Batting: RHB Alex Villalobos
|
0-0: Called Strike 0-1: Swinging Strike 0-2: Strikes out swinging
|
|
Batting: LHB Paul O'Neill
|
0-0: Ball 1-0: Ball 2-0: Ball 3-0: Called Strike 3-1: Ground out 6-3 (Groundball, 6M, EV 108.1 MPH)
|
| Bottom of the 1st over - 0 runs, 0 hits, 0 errors, 0 left on base; Montgomery 0 - Knoxville 0 |
| TOP OF THE 2ND |
|
Montgomery Rebels batting - Pitching for Knoxville Blue Jays : RHP Randy Bockus
|
|
Batting: RHB Roberto Palacios
|
0-0: Called Strike 0-1: Swinging Strike 0-2: Strikes out swinging
|
|
Batting: SHB Arthur Fischetti
|
0-0: Ball 1-0: Ball 2-0: SINGLE (Line Drive, 9S, EV 95.6 MPH)
|
|
Batting: RHB Nate Tria
|
0-0: Called Strike 0-1: Swinging Strike 0-2: Ball 1-2: Strikes out looking
|
|
Batting: RHB Jeff Schumaker
|
0-0: Ball 1-0: Foul Ball, location: 2F 1-1: Swinging Strike 1-2: Ball Arthur Fischetti steals 2nd base (no throw) 2-2: Ball 3-2: Foul Ball, location: 2F 3-2: Foul Ball, location: 2F 3-2: Foul Ball, location: 2F 3-2: Base on Balls
|
|
Batting: LHB Michael Shinn
|
0-0: Called Strike 0-1: Swinging Strike 0-2: Ball 1-2: Foul Ball, location: 2F 1-2: Ball 2-2: Foul Ball, location: 2F 2-2: Ground out 4-3 (Groundball, 4, EV 100.6 MPH)
|
| Top of the 2nd over - 0 runs, 1 hit, 0 errors, 2 left on base; Montgomery 0 - Knoxville 0 |
| BOTTOM OF THE 2ND |
|
Knoxville Blue Jays batting - Pitching for Montgomery Rebels : RHP William Bellomo
|
|
Batting: RHB Jose Canseco
|
0-0: Called Strike 0-1: Ball 1-1: Ball 2-1: Ball 3-1: Base on Balls
|
|
Batting: RHB Fritzie Connally
|
0-0: Ball Jose Canseco is caught stealing 2nd base 2-4 1-0: Ball 2-0: Swinging Strike 2-1: Swinging Strike 2-2: Foul Ball, location: 2F 2-2: Strikes out swinging
|
|
Batting: LHB Joe Bivins
|
0-0: Called Strike 0-1: Ball 1-1: Fly out, F9 (Flyball, 9D, EV 85.0 MPH)
|
| Bottom of the 2nd over - 0 runs, 0 hits, 0 errors, 0 left on base; Montgomery 0 - Knoxville 0 |
| TOP OF THE 3RD |
|
Montgomery Rebels batting - Pitching for Knoxville Blue Jays : RHP Randy Bockus
|
|
Batting: LHB Chris Stropolo
|
0-0: Ball 1-0: Foul Ball, location: 2F 1-1: Called Strike 1-2: Reached on error, E6 (Flyball, 56D, EV 88.1 MPH)
|
|
Batting: SHB Mike Thorpe
|
0-0: Ball 1-0: Ball 2-0: Called Strike 2-1: Called Strike 2-2: Ball Chris Stropolo steals 2nd base 3-2: Ground out 4-3 (Groundball, 34, EV 91.9 MPH) Chris Stropolo to third
|
|
Batting: LHB Greg Brock
|
0-0: Called Strike 0-1: Ball 1-1: Swinging Strike 1-2: Ground out 1-3 (Groundball, 13S, EV 68.8 MPH)
|
|
Batting: LHB Dwayne Murphy
|
0-0: Called Strike 0-1: SINGLE (Groundball, P, EV 82.5 MPH) (infield hit) Chris Stropolo scores
|
|
Batting: RHB Roberto Palacios
|
0-0: Ball 1-0: Foul Ball, location: 2F 1-1: Called Strike 1-2: Ball 2-2: Ball Pickoff Throw to First - Error! E1 Dwayne Murphy to second 3-2: Ground out 5-3 (Groundball, 56, EV 86.3 MPH)
|
| Top of the 3rd over - 1 run, 1 hit, 2 errors, 1 left on base; Montgomery 1 - Knoxville 0 |
| BOTTOM OF THE 3RD |
|
Knoxville Blue Jays batting - Pitching for Montgomery Rebels : RHP William Bellomo
|
|
Batting: RHB Eugene Pallavicini
|
0-0: Ball 1-0: Ball 2-0: Ball 3-0: Base on Balls
|
|
Batting: RHB Jerry Royster
|
0-0: Ball Eugene Pallavicini steals 2nd base 1-0: Ball 2-0: Called Strike 2-1: Swinging Strike 2-2: Ground out 1-3 (Groundball, 15S, EV 64.4 MPH)
|
|
Batting: RHB Dave Hogg
|
0-0: Ground out 6-3 (Groundball, 6M, EV 90.6 MPH) Eugene Pallavicini to third
|
|
Batting: RHB Alex Taveras
|
0-0: Called Strike 0-1: Ball 1-1: Fly out, F7 (Flyball, 78D, EV 93.8 MPH)
|
| Bottom of the 3rd over - 0 runs, 0 hits, 0 errors, 1 left on base; Montgomery 1 - Knoxville 0 |
| TOP OF THE 4TH |
|
Montgomery Rebels batting - Pitching for Knoxville Blue Jays : RHP Randy Bockus
|
|
Batting: SHB Arthur Fischetti
|
0-0: Swinging Strike 0-1: SINGLE (Line Drive, 8LS, EV 103.1 MPH)
|
|
Batting: RHB Nate Tria
|
0-0: Ball 1-0: Ball 2-0: Called Strike 2-1: Fly out, F7 (Line Drive, 7, EV 90.0 MPH)
|
|
Batting: RHB Jeff Schumaker
|
0-0: Ball 1-0: Ball 2-0: Ball 3-0: Called Strike 3-1: Foul Ball, location: 2F 3-2: Fly out, F4 (Popup, 4, EV 55.0 MPH)
|
|
Batting: LHB Michael Shinn
|
0-0: Ball 1-0: Swinging Strike 1-1: Foul Ball, location: 2F 1-2: Fly out, F7 (Flyball, 7, EV 85.6 MPH)
|
| Top of the 4th over - 0 runs, 1 hit, 0 errors, 1 left on base; Montgomery 1 - Knoxville 0 |
| BOTTOM OF THE 4TH |
|
Knoxville Blue Jays batting - Pitching for Montgomery Rebels : RHP William Bellomo
|
|
Batting: RHB Alex Villalobos
|
0-0: Ball 1-0: Foul Ball, location: 2F 1-1: Ball 2-1: Ball 3-1: SINGLE (Line Drive, 6MD, EV 109.4 MPH)
|
|
Batting: LHB Paul O'Neill
|
0-0: Foul Ball, location: 2F 0-1: Fly out, F8 (Line Drive, 8LD, EV 96.9 MPH)
|
|
Batting: RHB Jose Canseco
|
0-0: Ball 1-0: Called Strike 1-1: SINGLE (Groundball, 6M, EV 107.5 MPH) (infield hit) Alex Villalobos to second
|
|
Batting: RHB Fritzie Connally
|
0-0: Called Strike 0-1: Ball 1-1: Foul Ball, location: 2F 1-2: Foul Ball, location: 2F 1-2: Ball 2-2: 3-RUN HOME RUN (Line Drive, 7LD, EV 98.8 MPH), Distance : 396 ft
|
|
Batting: LHB Joe Bivins
|
0-0: Ball 1-0: Foul Ball, location: 2F 1-1: Called Strike 1-2: Foul Ball, location: 2F 1-2: Reached on error, E5 (Groundball, 56S, EV 85.6 MPH)
|
|
Batting: RHB Eugene Pallavicini
|
0-0: Ball 1-0: Ball 2-0: Foul Ball, location: 2F 2-1: Fly out, F9 (Flyball, 9, EV 83.8 MPH)
|
|
Batting: RHB Jerry Royster
|
0-0: Called Strike 0-1: Ball 1-1: Ground out 4-3 (Groundball, 34, EV 82.5 MPH)
|
| Bottom of the 4th over - 3 runs, 3 hits, 1 error, 1 left on base; Montgomery 1 - Knoxville 3 |
| TOP OF THE 5TH |
|
Montgomery Rebels batting - Pitching for Knoxville Blue Jays : RHP Randy Bockus
|
|
Batting: LHB Chris Stropolo
|
0-0: Called Strike 0-1: Ball 1-1: Ball 2-1: Foul Ball, location: 2F 2-2: Foul Ball, location: 2F 2-2: Fly out, F7 (Line Drive, 7, EV 106.9 MPH)
|
|
Batting: SHB Mike Thorpe
|
0-0: Foul Ball, location: 2F 0-1: Ball 1-1: Ball 2-1: Swinging Strike 2-2: Ball 3-2: Ground out 4-3 (Groundball, 4, EV 102.5 MPH)
|
|
Batting: LHB Greg Brock
|
0-0: Foul Ball, location: 2F 0-1: Foul Ball, location: 2F 0-2: Ball 1-2: Foul Ball, location: 2F 1-2: Foul Ball, location: 2F 1-2: Foul Ball, location: 2F 1-2: Foul Ball, location: 2F 1-2: Ball 2-2: Strikes out swinging
|
| Top of the 5th over - 0 runs, 0 hits, 0 errors, 0 left on base; Montgomery 1 - Knoxville 3 |
| BOTTOM OF THE 5TH |
|
Knoxville Blue Jays batting - Pitching for Montgomery Rebels : RHP William Bellomo
|
|
Batting: RHB Dave Hogg
|
0-0: Ball 1-0: Called Strike 1-1: Foul Ball, location: 2F 1-2: Strikes out looking
|
|
Batting: RHB Alex Taveras
|
0-0: Ball 1-0: Foul Ball, location: 2F 1-1: Ball 2-1: Ground out 5-3 (Groundball, 5, EV 77.5 MPH)
|
|
Batting: RHB Alex Villalobos
|
0-0: Called Strike 0-1: Foul Ball, location: 2F 0-2: Strikes out looking
|
| Bottom of the 5th over - 0 runs, 0 hits, 0 errors, 0 left on base; Montgomery 1 - Knoxville 3 |
| TOP OF THE 6TH |
|
Montgomery Rebels batting - Pitching for Knoxville Blue Jays : RHP Randy Bockus
|
|
Batting: LHB Dwayne Murphy
|
0-0: Swinging Strike 0-1: DOUBLE (Flyball, 8RXD, EV 108.1 MPH)
|
|
Batting: RHB Roberto Palacios
|
0-0: Ball Dwayne Murphy steals 3rd base 1-0: Ground out 5-3 (Groundball, 56, EV 85.0 MPH) Dwayne Murphy scores
|
|
Batting: SHB Arthur Fischetti
|
0-0: Fly out, F8 (Flyball, 8LXD, EV 90.0 MPH)
|
|
Batting: RHB Nate Tria
|
0-0: SINGLE (Line Drive, 4MD, EV 101.9 MPH)
|
|
Batting: RHB Jeff Schumaker
|
0-0: Ball 1-0: Swinging Strike 1-1: Fly out, F8 (Line Drive, 8RM, EV 92.5 MPH)
|
| Top of the 6th over - 1 run, 2 hits, 0 errors, 1 left on base; Montgomery 2 - Knoxville 3 |
| BOTTOM OF THE 6TH |
|
Knoxville Blue Jays batting - Pitching for Montgomery Rebels : RHP William Bellomo
|
|
Batting: LHB Paul O'Neill
|
0-0: Ball 1-0: Ball 2-0: Foul Ball, location: 2F 2-1: Foul Ball, location: 2F 2-2: Ball 3-2: Fly out, F9 (Line Drive, 9, EV 97.5 MPH)
|
|
Batting: RHB Jose Canseco
|
0-0: Fly out, F4 (Flyball, 4D, EV 85.0 MPH)
|
|
Batting: RHB Fritzie Connally
|
0-0: Foul Ball, location: 2F 0-1: Ground out 6-3 (Groundball, 6, EV 85.6 MPH)
|
| Bottom of the 6th over - 0 runs, 0 hits, 0 errors, 0 left on base; Montgomery 2 - Knoxville 3 |
| TOP OF THE 7TH |
|
Montgomery Rebels batting - Pitching for Knoxville Blue Jays : RHP Randy Bockus
|
|
Batting: LHB Michael Shinn
|
0-0: Called Strike 0-1: Ground out 4-3 (Groundball, 4, EV 91.3 MPH)
|
|
Batting: LHB Chris Stropolo
|
0-0: Called Strike 0-1: Ball 1-1: Foul Ball, location: 2F 1-2: Fly out, F1 (Line Drive, P, EV 68.8 MPH)
|
|
Batting: SHB Mike Thorpe
|
0-0: Foul Ball, location: 2F 0-1: Foul Ball, location: 2F 0-2: Fly out, F7 (Flyball, 7D, EV 101.3 MPH)
|
| Top of the 7th over - 0 runs, 0 hits, 0 errors, 0 left on base; Montgomery 2 - Knoxville 3 |
| BOTTOM OF THE 7TH |
|
Knoxville Blue Jays batting - Pitching for Montgomery Rebels : RHP William Bellomo
|
|
Batting: LHB Joe Bivins
|
0-0: Ball 1-0: Ball 2-0: Ball 3-0: Called Strike 3-1: Base on Balls
|
|
Batting: RHB Eugene Pallavicini
|
0-0: Bunt missed! 0-1: Bunted foul 0-2: SINGLE (Groundball, 56D, EV 94.4 MPH) Joe Bivins to second
|
|
Batting: RHB Jerry Royster
|
0-0: Ball 1-0: Ball 2-0: Ball 3-0: Base on Balls Joe Bivins to third Eugene Pallavicini to second
|
|
Batting: RHB Dave Hogg
|
0-0: Grounds into fielders choice 6-2 (Groundball, P, EV 91.9 MPH) Eugene Pallavicini to third Jerry Royster to second
|
|
Batting: RHB Alex Taveras
|
0-0: DOUBLE (Flyball, 89XD, EV 115.0 MPH) Eugene Pallavicini scores Jerry Royster scores Dave Hogg to third
|
|
Batting: RHB Alex Villalobos
|
0-0: Fly out, F8 (Flyball, 89XD, EV 93.8 MPH) Runner from 3rd tags up, SCORES, no throw by CF Alex Taveras to third
|
|
Batting: LHB Paul O'Neill
|
0-0: Ball 1-0: Called Strike 1-1: Swinging Strike 1-2: SINGLE (Line Drive, 8LS, EV 92.5 MPH) Alex Taveras scores
|
|
Pitching: RHP Tony Tinoco
|
|
|
Batting: RHB Jose Canseco
|
0-0: Ball 1-0: Ball 2-0: SINGLE (Line Drive, 8RS, EV 105.6 MPH) Paul O'Neill to second Runner from 2nd tries for 3rd, SAFE, throw by CF made to third
|
|
Batting: RHB Fritzie Connally
|
0-0: Hit by Pitch Jose Canseco to second
|
|
Batting: LHB Joe Bivins
|
0-0: Ball 1-0: Called Strike 1-1: Foul Ball, location: 2F 1-2: Ground out 6-3 (Groundball, 6M, EV 102.5 MPH)
|
| Bottom of the 7th over - 4 runs, 4 hits, 0 errors, 3 left on base; Montgomery 2 - Knoxville 7 |
| TOP OF THE 8TH |
|
Montgomery Rebels batting - Pitching for Knoxville Blue Jays : RHP Randy Bockus
|
|
Batting: LHB Greg Brock
|
0-0: Called Strike 0-1: Ball 1-1: Fly out, F7 (Line Drive, 7, EV 95.6 MPH)
|
|
Batting: LHB Dwayne Murphy
|
0-0: Foul Ball, location: 2F 0-1: Ball 1-1: Foul Ball, location: 2F 1-2: Fly out, F6 (Popup, 6MD, EV 53.8 MPH)
|
|
Batting: RHB Roberto Palacios
|
0-0: Ball 1-0: Called Strike 1-1: Fly out, F7 (Flyball, 7, EV 81.9 MPH)
|
| Top of the 8th over - 0 runs, 0 hits, 0 errors, 0 left on base; Montgomery 2 - Knoxville 7 |
| BOTTOM OF THE 8TH |
|
Knoxville Blue Jays batting - Pitching for Montgomery Rebels : RHP Tony Tinoco
|
|
Batting: RHB Eugene Pallavicini
|
0-0: Called Strike 0-1: Ball 1-1: Ball 2-1: Ball 3-1: Ground out 5-3 (Groundball, 56, EV 92.5 MPH)
|
|
Batting: RHB Jerry Royster
|
0-0: Ball 1-0: Foul Ball, location: 2F 1-1: Ball 2-1: Called Strike 2-2: Ball 3-2: Base on Balls
|
|
Batting: RHB Dave Hogg
|
0-0: Called Strike 0-1: Ball 1-1: Ball 2-1: Ball 3-1: Fly out, F9 (Flyball, 9S, EV 85.0 MPH)
|
|
Batting: RHB Alex Taveras
|
0-0: Ball 1-0: Ball 2-0: Fly out, F7 (Flyball, 7D, EV 107.5 MPH)
|
| Bottom of the 8th over - 0 runs, 0 hits, 0 errors, 1 left on base; Montgomery 2 - Knoxville 7 |
| TOP OF THE 9TH |
|
Montgomery Rebels batting - Pitching for Knoxville Blue Jays : RHP Randy Bockus
|
|
Batting: SHB Arthur Fischetti
|
0-0: Called Strike 0-1: Fly out, F6 (Popup, 4S, EV 88.8 MPH)
|
|
Batting: RHB Nate Tria
|
0-0: Ball 1-0: Called Strike 1-1: SOLO HOME RUN (Flyball, 7D, EV 106.3 MPH), Distance : 404 ft
|
|
Pitching: LHP Jeff Haines
|
|
|
Batting: RHB Jeff Schumaker
|
0-0: Called Strike 0-1: Swinging Strike 0-2: Foul Ball, location: 2F 0-2: Ball 1-2: Strikes out swinging
|
|
Batting: LHB Michael Shinn
|
0-0: Ball 1-0: Called Strike 1-1: Ground out U3 (Groundball, 3L, EV 110.0 MPH)
|
| Top of the 9th over - 1 run, 1 hit, 0 errors, 0 left on base; Montgomery 3 - Knoxville 7 |
|